Map: Jagannatha LE

Players

cure

  • Race: Terran Terran

Serral - Winner!

  • Race: Zerg Zerg

Event: TSL 7

VOD

Have the link to the VOD?

Description

Time

  • Played on: June 26, 2021, 11:13 a.m.
  • Length: 14:18

All games in this series

Show
View Real Time Build Order
Export as new Build Order

cure Terran 

Build Orders: Reaper Expand, Hellion Banshee 

Get SALT Encoding   

  12  0:00  SCV  
  13  0:12  SCV  
  14  0:17  Supply Depot  
  14  0:24  SCV  
  15  0:38  SCV  
  15  0:40  Barracks  
  16  0:43  Refinery  
  16  0:50  SCV  
  17  1:03  SCV  
  18  1:15  SCV  
  19  1:27  Reaper, Orbital Command  
  20  1:40  Command Center  
  20  1:52  Supply Depot  
  20  1:53  SCV  
  21  1:58  Marine  
  22  2:05  SCV  
  23  2:08  Factory  
  23  2:17  SCV  
  23  2:20  Refinery  
  23  2:21  Barracks Reactor  
  24  2:29  SCV  
  25  2:41  SCV  
  26  2:53  Starport, SCV  
  26  2:54  Orbital Command  
  27  3:01  Hellion x2  
  32  3:05  SCV  
  32  3:06  Barracks Tech Lab  
  32  3:17  SCV  
  34  3:20  SCV  
  34  3:23  Hellion x2  
  34  3:26  Supply Depot  
  38  3:31  SCV  
  38  3:32  SCV  
  40  3:36  Banshee, Cloaking Field  
  40  3:37  Marine  
  44  3:45  SCV x2  
  44  3:48  Hellion  
  48  3:49  Hellion  
  48  3:54  Supply Depot  
  50  3:57  SCV, Barracks Tech Lab  
  50  3:59  SCV  
  54  4:11  SCV x2  
  54  4:16  Command Center  
  54  4:20  Banshee, Supply Depot  
  54  4:23  SCV x2  
  59  4:27  Stimpack  
  59  4:35  SCV  
  59  4:36  SCV  
  59  4:38  Barracks  
  61  4:40  Barracks  
  61  4:43  Factory Reactor  
  61  4:44  Marine  
  62  4:49  SCV x2  
  64  4:57  Supply Depot  
  64  5:01  SCV x2  
  64  5:02  Marine  
  67  5:08  Engineering Bay x2  
  67  5:13  SCV x2  
  69  5:19  Marine  
  70  5:24  Refinery  
  70  5:25  Refinery, SCV x2  
  70  5:27  Starport Reactor  
  72  5:28  Factory Reactor  
  72  5:31  Marine x2  
  72  5:34  Marine x2  
  76  5:35  Orbital Command  
  76  5:37  SCV x2, Marine  
  79  5:43  Terran Infantry Armor Level 1, Terran Infantry Weapons Level 1  
  79  5:52  Marine x4  
  79  5:53  SCV x2  
  79  5:55  Marine  
  86  5:58  Orbital Command  
  86  6:00  Supply Depot  
  86  6:04  Medivac x2  
  86  6:05  SCV x2  
  86  6:07  Combat Shield  
  92  6:15  Widow Mine  
  92  6:17  Marine  
  93  6:20  Supply Depot  
  93  6:21  Marine x4  
  93  6:22  Widow Mine, SCV x2, Supply Depot  
  101  6:35  Armory, Barracks x2  
  101  6:41  SCV x2  
  101  6:42  SCV  
  101  6:46  Marine x2  
  101  6:47  Marine x3, Medivac  
  106  6:48  Medivac  
  106  6:54  SCV, Supply Depot  
  114  6:56  Widow Mine  
  114  7:00  SCV, Supply Depot  
  117  7:10  Supply Depot  
  117  7:11  Factory  
  117  7:12  SCV x2  
  112  7:16  Marine x5  
  117  7:26  SCV x2  
  117  7:27  Widow Mine x2  
  103  7:37  SCV  
  98  7:38  SCV x2  
  98  7:40  Barracks Reactor x2  
  98  7:42  Terran Infantry Armor Level 2, Terran Infantry Weapons Level 2  
  100  7:46  Marine x5  
  100  7:51  SCV x3  
  108  7:52  Refinery  
  108  7:57  Drilling Claws  
  108  7:59  Widow Mine x3  
  114  8:09  SCV x3  
  114  8:17  Marine x4  
  111  8:21  SCV x3  
  111  8:23  Bunker  
  112  8:28  Widow Mine, Medivac  
  112  8:29  Widow Mine x2, Medivac  
  122  8:34  Marine x4  
  122  8:38  SCV x3  
  126  8:45  Marine x4  
  130  8:51  Orbital Command  
  130  8:59  Marine x4  
  133  9:06  Terran Vehicle And Ship Armor Level 1  
  125  9:17  Marine x6  
  125  9:20  Marine x3  
  125  9:21  Widow Mine x3  
  140  9:27  Medivac x2  
  132  9:34  Marine, Missile Turret x2  
  132  9:36  Supply Depot x2  
  129  9:41  Command Center  
  129  9:43  SCV x3  
  129  9:45  Sensor Tower  
  130  9:54  Marauder, Marine  
  133  10:00  Barracks x2  
  133  10:02  Missile Turret  
  133  10:06  Barracks  
  131  10:08  Terran Infantry Weapons Level 3  
  131  10:12  Widow Mine x2  
  133  10:16  Thor  
  133  10:19  Marine x3  
  133  10:20  Marauder  
  144  10:27  SCV x2  
  146  10:32  Supply Depot x2  
  146  10:33  Terran Infantry Armor Level 3  
  146  10:34  Concussive Shells  
  145  10:43  Widow Mine  
  145  10:44  Widow Mine  
  145  10:45  Marauder, Marine x4  
  155  10:54  Barracks Tech Lab, Missile Turret x2  
  155  10:55  Barracks Tech Lab  
  155  10:56  Barracks Tech Lab  
  155  10:57  Marine x2  
  155  10:59  Thor  
  150  11:17  Marine x2  
  150  11:18  Marauder, Marine x2  
  153  11:25  Widow Mine x2  
  153  11:28  Marauder x3  
  159  11:33  Planetary Fortress  
  159  11:35  Marine x4  
  159  11:39  Marauder  
  165  11:41  Thor  
  165  11:45  Marine x4  
  175  11:49  Marauder  
  175  11:50  Marauder  
  170  11:54  Widow Mine  
  156  12:03  Marauder x2  
  156  12:07  Missile Turret  
  157  12:10  Orbital Command  
  157  12:11  Marauder  
  157  12:13  Supply Depot  
  157  12:14  Medivac, Supply Depot  
  161  12:17  Marine  
  161  12:22  Marine, Missile Turret  
  163  12:24  Thor  
  163  12:29  Widow Mine x2  
  173  12:37  Missile Turret  
  169  12:46  Missile Turret x2  
  169  12:49  Marine x6  
  169  12:50  Marauder x2  
  148  12:52  Marine x2  
  142  13:00  Widow Mine x2  
  142  13:01  Medivac x2  
  142  13:03  Missile Turret  
  142  13:05  Marauder  
  152  13:08  Supply Depot  
  152  13:12  Supply Depot  
  152  13:13  Marine x4  
  156  13:23  Supply Depot  
  149  13:34  Marine x2  
  149  13:35  Marauder x3, Marine x5  
  160  13:42  Widow Mine x2  
  160  13:54  Marine x4  
  142  13:58  Marine  
Show
View Real Time Build Order
Export as new Build Order

Serral Zerg - Winner!

Build Orders: Hatch First, Muta Ling Bane 

Get SALT Encoding   

  12  0:00  Drone  
  13  0:12  Overlord  
  13  0:16  Drone  
  14  0:30  Drone  
  14  0:31  Drone  
  16  0:48  Hatchery  
  15  0:50  Drone  
  15  0:54  Drone  
  17  0:58  Drone  
  18  1:09  Extractor  
  17  1:13  Spawning Pool  
  17  1:17  Drone  
  17  1:19  Drone  
  18  1:27  Drone  
  19  1:39  Drone  
  20  1:51  Drone  
  21  2:00  Queen x2  
  21  2:01  Zergling x4  
  27  2:11  Overlord  
  27  2:12  Drone  
  28  2:23  Hatchery  
  27  2:30  Drone x2  
  27  2:34  Drone x2  
  31  2:38  Metabolic Boost  
  31  2:48  Queen  
  33  2:52  Overlord  
  33  2:55  Drone  
  33  2:56  Drone  
  35  2:58  Drone  
  35  3:03  Overlord  
  36  3:12  Drone x4  
  40  3:17  Queen  
  43  3:20  Drone  
  43  3:25  Queen  
  45  3:30  Drone x2  
  47  3:34  Queen  
  49  3:45  Drone x2, Overlord  
  49  3:47  Zergling x4  
  53  3:49  Overlord  
  53  3:51  Zergling x2  
  53  3:52  Drone  
  53  3:53  Drone  
  56  4:00  Drone x2, Baneling Nest  
  56  4:01  Drone  
  58  4:05  Zergling x2  
  58  4:06  Overlord  
  58  4:08  Drone  
  58  4:09  Drone  
  61  4:16  Drone x2, Extractor  
  62  4:18  Queen  
  62  4:21  Zergling x2  
  62  4:23  Drone  
  66  4:26  Lair  
  66  4:28  Drone  
  67  4:32  Spore Crawler  
  67  4:34  Zergling x2, Spore Crawler x2  
  67  4:36  Drone  
  67  4:37  Drone  
  67  4:39  Drone  
  67  4:41  Drone  
  67  4:42  Drone  
  67  4:45  Zergling x2  
  71  4:46  Drone  
  71  4:47  Extractor  
  71  4:49  Drone  
  71  4:50  Drone x2  
  74  4:53  Overlord  
  74  5:00  Overlord  
  74  5:04  Drone  
  74  5:11  Overlord  
  74  5:14  Evolution Chamber x2  
  73  5:16  Drone x8  
  73  5:17  Drone  
  73  5:20  Drone, Extractor  
  80  5:22  Drone  
  80  5:23  Overseer  
  80  5:25  Drone  
  80  5:28  Overseer  
  82  5:32  Centrifical Hooks  
  82  5:33  Drone x2  
  82  5:34  Drone  
  85  5:36  Drone  
  85  5:37  Drone  
  85  5:39  Drone  
  85  5:40  Drone x2  
  90  5:45  Zerg Melee Weapons Level 1  
  90  5:47  Drone  
  90  5:49  Extractor, Overlord  
  90  5:51  Zergling x6  
  90  5:52  Zergling x2  
  94  5:57  Zerg Ground Armor Level 1  
  94  6:00  Drone  
  94  6:03  Extractor, Drone, Overlord  
  95  6:06  Zergling x6  
  95  6:08  Zergling x4  
  95  6:09  Zergling x4  
  101  6:16  Zergling x6  
  102  6:21  Hatchery  
  102  6:23  Zergling x4  
  103  6:26  Baneling x6  
  103  6:27  Baneling x3  
  103  6:31  Zergling x8  
  107  6:35  Zergling x2, Overlord  
  107  6:39  Spire  
  107  6:40  Overlord  
  107  6:43  Overlord  
  107  6:48  Overlord  
  107  6:56  Zergling x10  
  112  7:03  Baneling x7  
  112  7:05  Drone x2  
  112  7:07  Drone x4  
  112  7:08  Drone x2  
  117  7:15  Zergling x6  
  117  7:20  Baneling x3  
  118  7:28  Drone x3  
  114  7:31  Zergling x8  
  114  7:32  Baneling x6  
  114  7:33  Baneling x2  
  114  7:34  Overseer  
  114  7:36  Queen  
  119  7:40  Zerg Melee Weapons Level 2, Spore Crawler, Overlord  
  118  7:45  Drone x4  
  118  7:47  Zergling x10  
  118  7:49  Baneling x6  
  127  7:53  Zerg Ground Armor Level 2  
  127  7:55  Drone, Extractor  
  126  8:03  Drone x2  
  126  8:05  Drone  
  124  8:07  Drone x3  
  124  8:09  Overlord  
  124  8:10  Overlord  
  115  8:21  Zergling x14  
  121  8:28  Hatchery  
  121  8:30  Drone x3  
  121  8:32  Baneling x7  
  123  8:35  Burrow  
  123  8:36  Zerg Flyer Weapons Level 1  
  123  8:38  Pneumatized Carapace  
  123  8:41  Baneling  
  123  8:42  Baneling x4  
  123  8:43  Drone x3  
  123  8:44  Zergling x4  
  128  8:52  Infestation Pit  
  127  8:58  Mutalisk x6  
  138  9:11  Mutalisk x3  
  138  9:14  Zergling x18  
  150  9:21  Baneling x4  
  150  9:29  Zergling x20  
  151  9:32  Zergling x4  
  150  9:40  Zergling x6  
  150  9:42  Queen  
  150  9:45  Hive  
  151  9:46  Baneling  
  151  9:48  Hatchery, Mutalisk x4  
  151  9:52  Drone x2  
  160  9:53  Drone x5  
  160  9:55  Overlord x5  
  160  9:57  Baneling x2  
  165  10:00  Extractor  
  165  10:02  Mutalisk x2  
  165  10:03  Zergling x2  
  165  10:04  Zergling x6  
  168  10:08  Zergling x8  
  172  10:15  Mutalisk  
  172  10:19  Baneling x4  
  174  10:28  Overseer  
  174  10:29  Zergling x32  
  174  10:33  Zerg Flyer Weapons Level 2  
  190  10:40  Hatchery  
  190  10:41  Drone, Spore Crawler  
  189  10:43  Baneling  
  189  10:44  Baneling x13  
  189  10:48  Zergling x20  
  199  10:50  Baneling x3  
  199  10:58  Adrenal Glands  
  199  11:07  Zerg Melee Weapons Level 3  
  199  11:11  Zergling x26  
  197  11:21  Zerg Ground Armor Level 3  
  197  11:22  Zergling x22  
  195  11:32  Drone x5, Ultralisk Cavern  
  200  11:36  Baneling  
  200  11:37  Baneling x7  
  199  11:42  Zergling x2  
  200  11:53  Zergling x2  
  200  11:54  Zergling x10  
  173  12:02  Zergling x2  
  173  12:03  Zergling x44  
  173  12:07  Overseer  
  188  12:08  Baneling x9  
  188  12:09  Baneling x7  
  188  12:12  Baneling  
  188  12:13  Baneling  
  188  12:14  Baneling x7  
  188  12:18  Zergling x2  
  188  12:19  Zergling x16  
  188  12:20  Chitinous Plating  
  197  12:26  Baneling x10  
  196  12:46  Baneling x2  
  169  12:52  Ultralisk x2  
  174  13:02  Zergling x40, Ultralisk  
  197  13:06  Baneling x4  
  197  13:11  Spore Crawler  
  192  13:31  Zergling x8  
  192  13:32  Zergling x22  
  199  13:35  Baneling x3  
  199  13:36  Baneling x18  
  199  13:37  Hatchery  
  198  13:47  Zergling x10  
  199  13:54  Zergling x22  
Tags
 
Add a new tag
Caveats
  • Supply blocks, unpowered buildings, or Contaminate may cause inaccurate times.
  • Supply counts are checked every 10 seconds.